 Dungeon Crawl Stone Soup version 0.30-a0-1053-gbd8d5ba0ad (webtiles) character file.

Game seed: 15940596106690195811

45 Arzdou the Grave Robber (level 3, 0/27 HPs)
             Began as a Hill Orc Necromancer on Apr 11, 2023.
             Slain by Robin
             ... wielding a +0 spear
              (5 damage)
             ... on level 1 of the Dungeon.
             The game lasted 00:03:19 (1609 turns).

Arzdou the Grave Robber (Hill Orc Necromancer)      Turns: 1609, Time: 00:03:20

Health: 0/27       AC:  4    Str: 10    XL:     3   Next: 64%
Magic:  3/6        EV: 12    Int: 17    God:
Gold:   67         SH:  0    Dex: 11    Spells: 5/6 levels left

rFire   . . .      SeeInvis .    d - +0 short sword
rCold   . . .      Faith    .    (no shield)
rNeg    . . .      Spirit   .    a - +0 robe
rPois   .          Reflect  .    c - +0 helmet
rElec   .          Rampage  .    g - +0 cloak
rCorr   .                        (no gloves)
Will    .....                    (no boots)
Stlth   ++                       (no amulet)
HPRegen 0.24/turn                (no ring)
MPRegen 0.10/turn                (no ring)

@: no status effects
A: no striking features
a: no special abilities


You were on level 1 of the Dungeon.
You visited 1 branch of the dungeon, and saw 2 of its levels.

You collected 67 gold pieces.

Inventory:

Hand Weapons
 d - a +0 short sword (weapon)
Armour
 a - a +0 robe (worn)
 c - a +0 helmet (worn)
 g - a +0 cloak (worn)
Jewellery
 j - an amulet of reflection
Scrolls
 e - 4 scrolls of identify {unknown}
 i - a scroll of teleportation {unknown}
 k - a scroll of brand weapon {unknown}
Potions
 b - a potion of magic
 f - a potion of brilliance {unknown}
 h - a potion of berserk rage {unknown}
 l - a potion of lignification {unknown}
 m - a potion of degeneration {unknown}


   Skills:
 + Level 0.4 Fighting
 + Level 0.1 Short Blades
 + Level 1.7 Dodging
 + Level 1.7 Stealth
 + Level 2.2 Spellcasting
 + Level 4.5 Necromancy


You had 5 spell levels left.
You knew the following spells:

 Your Spells              Type           Power      Damage    Failure   Level
a - Necrotise             Necr           68%        1d7       3%          1

Your spell library contained the following spells:

 Spells                   Type           Power      Damage    Failure   Level
 Vampiric Draining        Necr           17%        2d7       9%          3
 Animate Dead             Necr           17%        N/A       28%         4
 Agony                    Necr           17%        N/A       63%         5


Dungeon Overview and Level Annotations

Branches:
Dungeon (2/15)

Altars:

Annotations:
D:1 Robin
D:2 Sigmund


Message History

You hit Robin but do no damage.
Robin is severely wounded.
Robin closely misses you.
You barely miss Robin.
Robin is severely wounded.
Robin hits you with a +0 spear.
* * * LOW HITPOINT WARNING * * *
You closely miss Robin.
Robin is severely wounded.
Robin closely misses you.
You hit Robin but do no damage.
Robin is severely wounded.
Robin hits you with a +0 spear.
* * * LOW HITPOINT WARNING * * *
You hit Robin but do no damage.
Robin is severely wounded.
Robin closely misses you.
You hit Robin.
Robin is almost dead.
Robin barely misses you.
You hit Robin but do no damage.
Robin is almost dead.
Robin hits you but does no damage.
You completely miss Robin.
Robin is almost dead.
Robin hits you but does no damage.
You hit Robin.
Robin is almost dead.
Robin completely misses you.
You barely miss Robin.
Robin is almost dead.
Robin closely misses you.
You barely miss Robin.
Robin is almost dead.
Robin barely misses you.
You hit Robin but do no damage.
Robin is almost dead.
Robin's horned helmet rattles.
Robin hits you with a +0 spear.
You die...

#.#####...#.########.# #.#
#(.................#.# #.#
###########.#####..#.# #.#
#############.......#....#####.##
..............#.###.#.#.........#
.....#######..#...#.#.####.###..#
....Z# #......#.#.####..##..#
.....# #.######...#....g.>..#
.....# ####....@g....#.#######.#
#....# #...)..#####.##.# #...#
.)#'## #......# #..g.# #.###
..#.#####......##############.#
.......##......'.....##.......#
#.#.##.##......####....########
....##.######'##.......# #......#
#.##.......# #......#
#.##.......#


You could see Robin.

Vanquished Creatures
  A dart slug (D:2)
  6 ball pythons
  3 bats
  3 endoplasms (D:1)
  A giant cockroach (D:1)
  5 goblins
  5 hobgoblins
  2 jackals (D:2)
  9 kobolds
  A rat (D:1)
36 creatures vanquished.

Vanquished Creatures (collateral kills)
  An endoplasm (D:1)
1 creature vanquished.

Grand Total: 37 creatures vanquished

Notes
Turn   | Place    | Note
-------+----------+-------------------------------------------
     0 | D:1      | Arzdou the Hill Orc Necromancer began the quest for the
                  | Orb.
     0 | D:1      | Reached XP level 1. HP: 14/14 MP: 3/3
   233 | D:1      | Reached XP level 2. HP: 20/20 MP: 2/4
   826 | D:1      | Reached XP level 3. HP: 26/26 MP: 0/6
  1424 | D:2      | Noticed Sigmund
  1466 | D:2      | Noticed Robin
  1609 | D:1      | Slain by Robin

Illustrated notes

Levels and vault maps discovered:
D:1:      mainiacjoe_arrival_reflecting_pool, layout_basic
D:2:      layout_basic, minmay_misc_feat_roman, uniq_natasha, uniq_robin,
          uniq_sigmund

Skill      XL: |  1  2 |
---------------+-------+-----
Spellcasting   | 2 |  2.2
Fighting       | |  0.4
Short Blades   | |  0.1
Dodging        | |  1.7
Stealth        | |  1.7
Necromancy     | |  4.5

Action                     || total
---------------------------++-------
  Melee: Unarmed           ||     7
         Short sword       ||    54
   Cast: Necrotise         ||    63
   Stab: Distracted        ||     1
 Armour: Robe              ||    20
  Dodge: Dodged            ||    51

Table legend: (Time is in decaauts)
 A = Elapsed time spent in this place.
 B = Non-inter-level travel time spent in this place.
 C = Inter-level travel time spent in this place.
 D = Time resting spent in this place.
 E = Time spent auto-exploring this place.
 F = Levels seen in this place.
 G = Mean time per level.
                   A        B        C        D        E       F      G
               +--------+--------+--------+--------+--------+-----+--------+
         Total |   1610 |   1574 |     36 |      0 |   1248 |   2 |  805.0 |
       Dungeon |   1610 |   1574 |     36 |      0 |   1248 |   2 |  805.0 |
               +--------+--------+--------+--------+--------+-----+--------+

Top non-repeatable levels by time:
     D:1: 1277 daAuts
     D:2: 333 daAuts
